Map: Invader LE

Players

Fropez

  • Race: Protoss Protoss
  • League: Silver
  • Spawn Location: 11:00

JunYong - Winner!

  • Race: Terran Terran
  • League: Silver
  • Spawn Location: 7:00

VOD

Have the link to the VOD?

Description

Time

  • Played on: May 25, 2016, 5:12 p.m.
  • Length: 11:28
Show
View Real Time Build Order
Export as new Build Order

Fropez Protoss 

Build Orders:  

Get SALT Encoding   

  12  0:01  Probe (Chrono Boost)  
  13  0:13  Pylon  
  13  0:18  Probe (Chrono Boost)  
  14  0:34  Gateway  
  14  0:35  Probe (Chrono Boost)  
  15  0:42  Assimilator  
  15  0:52  Probe (Chrono Boost)  
  16  1:02  Probe (Chrono Boost)  
  17  1:04  Pylon  
  17  1:13  Probe (Chrono Boost)  
  18  1:21  Cybernetics Core  
  18  1:24  Assimilator  
  18  1:25  Probe (Chrono Boost)  
  19  1:35  Probe (Chrono Boost)  
  21  1:47  Probe (Chrono Boost)  
  21  1:57  Adept, Probe (Chrono Boost)  
  21  1:59  Warp Gate (Chrono Boost)  
  26  2:08  Mothership Core (Chrono Boost)  
  25  2:19  Pylon  
  25  2:26  Probe (Chrono Boost)  
  26  2:32  Adept  
  29  2:37  Probe (Chrono Boost)  
  29  2:49  Gateway x2  
  29  2:54  Probe (Chrono Boost)  
  30  3:09  Probe (Chrono Boost)  
  31  3:19  Probe (Chrono Boost)  
  32  3:25  Forge  
  32  3:31  Probe  
  32  3:32  Robotics Facility  
  33  3:35  Pylon  
  33  3:43  Probe  
  34  4:07  Probe  
  35  4:20  Warp Prism (Chrono Boost), Probe  
  35  4:23  Protoss Ground Weapons Level 1  
  38  4:28  Stalker x2  
  38  4:29  Stalker  
  44  4:34  Probe  
  36  4:49  Pylon  
  37  4:53  Observer (Chrono Boost)  
  37  4:59  Probe  
  38  5:02  Pylon  
  38  5:11  Probe  
  35  5:44  Probe  
  36  5:52  Stalker x2  
  39  6:02  Probe  
  40  6:14  Probe  
  40  6:15  Photon Cannon  
  41  6:34  Stalker  
  41  6:35  Stalker x2  
  45  6:51  Probe  
  46  7:02  Protoss Ground Armor Level 1  
  46  7:03  Probe  
  46  7:06  Pylon  
  46  7:07  Immortal (Chrono Boost)  
  51  7:15  Probe  
  52  7:28  Probe  
  53  7:41  Immortal (Chrono Boost), Stalker x2  
  61  7:44  Probe  
  62  7:57  Probe  
  62  7:58  Pylon  
  63  8:12  Stalker  
  63  8:13  Stalker x2  
  63  8:50  Stalker x3  
  63  8:53  Observer (Chrono Boost)  
  70  9:12  Immortal (Chrono Boost)  
  74  9:44  Nexus  
  74  10:02  Probe  
  74  10:05  Pylon  
  74  10:06  Pylon  
  71  10:31  Pylon  
  62  11:06  Stalker  
Show
View Real Time Build Order
Export as new Build Order

JunYong Terran - Winner!

Build Orders: MMM Bio 

Get SALT Encoding   

  12  0:01  SCV  
  13  0:13  SCV  
  14  0:18  Supply Depot  
  14  0:27  SCV  
  15  0:40  SCV  
  15  0:42  Barracks  
  16  0:52  SCV  
  16  0:53  Refinery  
  17  0:57  Refinery  
  17  1:04  SCV  
  18  1:16  SCV  
  19  1:29  Reaper  
  19  1:31  Supply Depot  
  20  1:33  Orbital Command  
  20  1:47  Factory  
  20  1:59  SCV  
  21  2:03  Barracks Reactor  
  21  2:11  SCV  
  22  2:23  SCV  
  22  2:24  Supply Depot  
  23  2:32  Starport  
  23  2:43  SCV  
  24  2:46  Widow Mine x2  
  28  2:53  Supply Depot  
  28  2:55  SCV  
  29  3:09  Barracks Tech Lab, Medivac  
  29  3:10  SCV  
  32  3:21  Widow Mine x2  
  32  3:22  SCV  
  37  3:27  Supply Depot  
  37  3:34  SCV  
  40  3:41  Marauder  
  40  3:43  Medivac  
  42  3:49  Barracks  
  42  3:50  Barracks  
  42  3:57  Widow Mine x2  
  42  4:00  SCV  
  47  4:06  Stimpack, Marauder  
  49  4:15  Medivac  
  51  4:47  Widow Mine x2  
  55  4:55  Command Center  
  55  5:16  Marine x2  
  53  5:25  Supply Depot  
  51  5:40  Viking  
  51  5:41  Marine, Marauder  
  54  5:43  SCV  
  55  5:54  Barracks Reactor  
  55  5:55  SCV  
  55  5:56  Widow Mine x2  
  60  6:07  SCV  
  60  6:09  Orbital Command  
  60  6:17  Bunker  
  60  6:19  SCV  
  60  6:25  Widow Mine x2  
  65  6:46  SCV  
  66  6:47  Medivac  
  66  6:48  Marauder  
  66  6:49  Marine x2, Barracks Reactor  
  66  6:53  Orbital Command  
  72  6:55  Bunker  
  72  7:09  Marine x2, Marauder  
  72  7:10  SCV  
  72  7:13  Engineering Bay  
  72  7:14  Engineering Bay  
  75  7:27  Marine, SCV  
  77  7:38  Marine  
  77  7:40  Refinery  
  77  7:41  Supply Depot  
  77  7:42  Supply Depot, Refinery  
  78  7:44  Terran Infantry Weapons Level 1  
  78  7:49  Terran Infantry Armor Level 1  
  78  8:03  Marine x3, SCV, Marauder  
  84  8:06  Marine  
  84  8:07  Missile Turret  
  84  8:08  Widow Mine  
  87  8:15  SCV  
  86  8:25  Marauder  
  82  8:42  Marine x2  
  82  8:43  Marine, Starport Reactor  
  82  8:44  Combat Shields  
  82  8:46  Marauder  
  87  8:49  SCV  
  86  8:59  Widow Mine x2  
  86  9:01  SCV x2  
  92  9:03  Armory  
  92  9:07  Supply Depot x2  
  92  9:08  Supply Depot  
  92  9:13  Missile Turret x2  
  92  9:16  SCV x2  
  94  9:29  Marine x4, SCV x2, Marauder  
  102  9:41  SCV  
  102  9:43  Supply Depot  
  102  9:44  Supply Depot  
  103  9:53  SCV, Command Center  
  104  10:02  Medivac x2  
  104  10:05  Concussive Shells, Barracks  
  104  10:06  Marine x2, Factory Tech Lab  
  104  10:07  Marauder  
  111  10:48  Marine x4, Marauder  
  115  11:05  Marine  
Tags
 
Composition
MMM Bio
Matchup
PvT
Replay Pack
All Mines
Spawn Locations
Close Positions
Add a new tag
Caveats
  • Supply blocks, unpowered buildings, or Contaminate may cause inaccurate times.
  • Supply counts are checked every 10 seconds.